 Dungeon Sprint DCSS version 0.27-a0-277-g024f7ef292 (webtiles) character file.

Game seed: 2203435525082054152

8729 crux the Unseen (level 11, -11/60 HPs)
             Began as an Octopode Transmuter on Feb 6, 2021.
             Was the Champion of Cheibriados.
             Mangled by Urug
             ... wielding a +4 demon trident of flaming
              (15 damage)
             ... in the Dungeon (Sprint III: "The Ten Rune Challenge") on Feb 7, 2021.
             The game lasted 00:10:07 (2539 turns).

crux the Unseen (Octopode Transmuter)               Turns: 2539, Time: 00:10:08

Health: -11/60     AC:  3    Str: 28    XL:     11   Next: 35%
Magic:  14/26      EV: 23    Int: 30    God:    Cheibriados [******]
Gold:   2694       SH:  0    Dex: 28    Spells: 22/32 levels left

rFire    . . .     SeeInvis .     - Unarmed
rCold    . . .     Faith    .   (shield currently unavailable)
rNeg     . . .     Spirit   .   (helmet restricted)
rPois    .         Reflect  .   (no amulet)
rElec    .         Harm     .   (no ring)
rCorr    .         Rampage  .   (no ring)
Will     .....     NoTele   +   (no ring)
Stlth    ++++++++..             (no ring)
HPRegen  0.20/turn              (no ring)
MPRegen  0.20/turn              (no ring)
                                (no ring)
                                (no ring)

@: blade tentacles, very slow
A: almost no armour, stealthy swim, amphibious, 8 rings, constrict 8, repulsion
field 1, molten scales 1, camouflage 1, frail 1, gelatinous body 1
a: End Transformation, Renounce Religion, Bend Time, Temporal Distortion,
Slouch, Step From Time


You were in the Dungeon.
You worshipped Cheibriados.
Cheibriados was exalted by your worship.
You had blades for tentacles.
You visited 1 branch You collected 2694 gold pieces.

Inventory:

Wands
 d - a wand of acid (5)
Scrolls
 a - 5 scrolls of identify
 f - 2 scrolls of immolation {unknown}
 g - a scroll of blinking
 h - a scroll of amnesia {unknown}
Potions
 b - 2 potions of curing
 c - a potion of heal wounds
 e - 2 potions of magic
 i - 3 potions of flight
 j - a potion of mutation
 k - a potion of lignification {unknown}
 l - a potion of might


   Skills:
 + Level 3.3 Fighting
 + Level 6.2 Dodging
 + Level 15.3 Stealth
 + Level 13.8 Unarmed Combat
 + Level 11.4 Spellcasting
 + Level 11.4 Transmutations
 * Level 11.8 Invocations


You had 22 spell levels left.
You knew the following spells:

 Your Spells              Type           Power        Failure   Level
a - Beastly Appendage     Tmut           100%         4%          1
b - Ice Form              Ice/Tmut       51%          24%         4
c - Blade Hands           Tmut           36%          13%         5

Your spell library contained the following spells:

 Spells                   Type           Power        Failure   Level
 Wereblood                Tmut           72%          5%          2
 Spider Form              Tmut/Pois      25%          14%         3
 Magic Dart               Conj           68%          26%         1
 Blink                    Tloc           N/A          32%         2
 Call Imp                 Summ           17%          32%         2
 Slow                     Hex            17%          32%         2
 Conjure Flame            Conj/Fire      17%          43%         3
 Mephitic Cloud           Conj/Pois/Air  17%          43%         3


Dungeon Overview and Level Annotations

Branches:
Dungeon (1/1)

Altars:
Cheibriados
Dithmenos
Elyvilon
Fedhas
Gozag
Hepliaklqana
Kikubaaqudgha
Makhleb
Nemelex Xobeh
Okawaru
Qazlal
Ru
Sif Muna
Trog
Uskayaw
Vehumet
Wu Jian
Xom
Yredelemnul
Zin
The Shining One
Beogh
Jiyva
Lugonu

Shops:
D [

Annotations:
D Urug


Innate Abilities, Weirdness & Mutations

You cannot wear most types of armour.
You are very stealthy in the water. (Stealth+)
You are amphibious.
You can wear up to eight rings at the same time.
You can use your tentacles to constrict eight enemies at once.
Your skin changes colour to match your surroundings (Stealth+).
Your rubbery body absorbs attacks. (AC +1, EV +1)
You are surrounded by a mild repulsion field. (EV +2)
You are partially covered in molten scales. (AC +2)
You are frail. (-10% HP)


Message History

The redback poisons you! The redback closely misses you.
You shred the redback!!!
You kill the redback!
Cheibriados thoroughly appreciates the change of pace.
You feel sick.
Urug the Orcish Ballista comes into view.
She is wielding a +4 demon trident of flaming and quivering silver javelins.
You feel very sick.
Urug hits you from afar with a +4 demon trident of flaming!!
Urug burns you! Urug closely misses you.
You step out of the flow of time.
You return to the normal time flow.
* * * LOW HITPOINT WARNING * * *
You feel sick.
You feel better.
Urug hits you with a +4 demon trident of flaming!
* * * LOW HITPOINT WARNING * * *
Urug burns you!
* * * LOW HITPOINT WARNING * * *
You fail to use your ability.
Urug hits you with a +4 demon trident of flaming!
You die...

▓▓▓▓▓▓▓▓▓▓▓▓▓▓▓▓▓▓▓▓▓▓▓▓▓▓▓▓▓▓#.#
≈≈♣♣.....♣♣♣♣≈≈≈........≈≈≈...##.
≈≈♣♣.≈≈≈≈+♣♣'♣≈≈≈≈≈≈≈≈≈≈≈≈♣♣P.'.#
†≈≈+...†.#.†♣♣♣♣♣♣♣♣♣♣♣♣♣♣♣♣PP##.
≈.♣♣♣♣♣♣♣#..♣♣ ♣♣♣##+ ≈≈♣
###'♣♣♣♣♣ ### ♣♣♣♣.##..##
♣...##.##.# ♣♣.##.##@##
♣..#.##o..# ♣♣.##.##..# ♣♣.##.#
### ♣.....# #######


You could see Urug.

Vanquished Creatures
  Erica (D)
  An orc high priest (D)
  A centaur warrior (D)
  An unseen horror (D)
  A deep elf pyromancer (D)
  A lindwurm (D)
  An orc sorcerer (D)
  2 cane toads (D)
  A rime drake (D)
  A komodo dragon (D)
  2 tyrant leeches (D)
  5 blink frogs (D)
  3 wandering mushrooms (D)
  3 redbacks (D)
  A shadow (D)
  A spatial vortex (D)
  3 orc warriors (D)
  A swamp drake (D)
  2 centaurs (D)
  A necrophage (D)
  An earth elemental (D)
  A water elemental (D)
  2 orc priests (D)
  A jelly (D)
  Jessica (D)
  A wizard (D)
  A necromancer (D)
  3 orc wizards (D)
  3 humans (D)
  A kobold demonologist (D)
  A wolf (D)
  8 orcs (D)
  3 rats (D)
60 creatures vanquished.

Notes
Turn   | Place    | Note
-------+----------+-------------------------------------------
     0 | D        | crux the Octopode Transmuter began the quest for the Orb.
     0 | D        | Reached XP level 1. HP: 13/13 MP: 3/3
    15 | D        | Noticed Jessica
    21 | D        | Killed Jessica
    22 | D        | Reached skill level 1 in Stealth
    22 | D        | Reached skill level 5 in Unarmed Combat
    22 | D        | Reached XP level 2. HP: 5/18 MP: 3/6
    22 | D        | Reached XP level 3. HP: 6/23 MP: 3/7
   310 | D        | Reached skill level 2 in Stealth
   310 | D        | Reached XP level 4. HP: 12/28 MP: 6/9
   521 | D        | Learned a level 4 spell: Ice Form
   524 | D        | Gained mutation: You have a pair of small antennae on your
                  | head. [potion of mutation]
   524 | D        | Lost mutation: You have a pair of small antennae on your
                  | head. [potion of mutation]
   524 | D        | Gained mutation: You are surrounded by a mild repulsion
                  | field. (EV +2) [potion of mutation]
   525 | D        | Lost mutation: You are surrounded by a mild repulsion
                  | field. (EV +2) [potion of mutation]
   525 | D        | Gained mutation: You are agile. (Dex +2) [potion of
                  | mutation]
   525 | D        | Gained mutation: Your body sometimes deteriorates upon
                  | taking damage. [potion of mutation]
   525 | D        | Gained mutation: Your spells are a little harder to cast,
                  | but a little more powerful. [potion of mutation]
   526 | D        | Lost mutation: Your spells are a little harder to cast, but
                  | a little more powerful. [potion of mutation]
   526 | D        | Lost mutation: You are agile. (Dex +2) [potion of mutation]
   526 | D        | Lost mutation: Your body sometimes deteriorates upon taking
                  | damage. [potion of mutation]
   526 | D        | Gained mutation: You are frail. (-10% HP) [potion of
                  | mutation]
   526 | D        | Gained mutation: You are partially covered in molten
                  | scales. (AC +2) [potion of mutation]
   526 | D        | Gained mutation: You are surrounded by a mild repulsion
                  | field. (EV +2) [potion of mutation]
   533 | D        | Noticed a water elemental
   536 | D        | Killed a water elemental
   537 | D        | Reached skill level 3 in Stealth
   537 | D        | Reached XP level 5. HP: 29/29 MP: 5/11
   547 | D        | Noticed a shadow
   556 | D        | Killed a shadow
   557 | D        | Reached skill level 5 in Stealth
   557 | D        | Reached skill level 5 in Spellcasting
   557 | D        | Reached skill level 5 in Transmutations
   557 | D        | Reached XP level 6. HP: 7/34 MP: 8/14
  1052 | D        | Found a blossoming altar of Fedhas.
  1052 | D        | Found a stormy altar of Qazlal.
  1053 | D        | Found a snail-covered altar of Cheibriados.
  1053 | D        | Found a burning altar of Makhleb.
  1053 | D        | Found a hazy altar of Hepliaklqana.
  1053 | D        | Found a shimmering altar of Xom.
  1053 | D        | Found an opulent altar of Gozag.
  1053 | D        | Found a sparkling altar of Nemelex Xobeh.
  1053 | D        | Found a corrupted altar of Lugonu.
  1053 | D        | Found a viscous altar of Jiyva.
  1053 | D        | Noticed a spatial vortex
  1055 | D        | Became a worshipper of Cheibriados the Contemplative
  1060 | D        | Killed a spatial vortex
  1061 | D        | Reached skill level 5 in Dodging
  1061 | D        | Reached skill level 6 in Stealth
  1081 | D        | Learned a level 5 spell: Blade Hands
  1089 | D        | Found a radiant altar of Vehumet.
  1090 | D        | Found a shimmering blue altar of Sif Muna.
  1090 | D        | Found an ancient bone altar of Kikubaaqudgha.
  1091 | D        | Reached * piety under Cheibriados
  1092 | D        | Reached XP level 7. HP: 38/38 MP: 10/16
  1182 | D        | Found a glowing silver altar of Zin.
  1182 | D        | Found a glowing golden altar of the Shining One.
  1182 | D        | Found a white marble altar of Elyvilon.
  1182 | D        | Noticed a deep elf pyromancer
  1186 | D        | Killed a deep elf pyromancer
  1186 | D        | Reached ** piety under Cheibriados
  1187 | D        | Reached skill level 8 in Stealth
  1187 | D        | Reached skill level 10 in Unarmed Combat
  1187 | D        | Reached skill level 5 in Invocations
  1187 | D        | Reached XP level 8. HP: 15/45 MP: 12/18
  1390 | D        | Found a basalt altar of Yredelemnul.
  1390 | D        | Found a shadowy altar of Dithmenos.
  1390 | D        | Found a sacrificial altar of Ru.
  1395 | D        | Reached skill level 9 in Stealth
  1416 | D        | Found a hide-covered altar of Uskayaw.
  1416 | D        | Found a roughly hewn altar of Beogh.
  1416 | D        | Found an iron altar of Okawaru.
  1416 | D        | Found a bloodstained altar of Trog.
  1416 | D        | Found an ornate altar of the Wu Jian Council.
  1421 | D        | Reached *** piety under Cheibriados
  1453 | D        | Noticed Erica
  1459 | D        | Killed Erica
  1460 | D        | Reached skill level 11 in Stealth
  1460 | D        | Reached XP level 9. HP: 30/48 MP: 11/21
  1649 | D        | Noticed a centaur warrior
  1651 | D        | Reached **** piety under Cheibriados
  1654 | D        | Killed a centaur warrior
  1655 | D        | Reached skill level 12 in Stealth
  1656 | D        | Reached ***** piety under Cheibriados
  1835 | D        | Found Qeufat's Antique Armour Boutique.
  1835 | D        | Noticed an orc sorcerer
  1837 | D        | Noticed an orc high priest
  1839 | D        | Reached ****** piety under Cheibriados
  1840 | D        | Killed an orc sorcerer
  1841 | D        | Reached XP level 10. HP: 52/54 MP: 9/23
  1842 | D        | Noticed an orange demon
  1847 | D        | Killed an orc high priest
  1848 | D        | Reached skill level 13 in Stealth
  1848 | D        | Reached skill level 10 in Transmutations
  1969 | D        | Killed an unseen horror
  1970 | D        | Reached skill level 10 in Invocations
  2026 | D        | Reached skill level 10 in Spellcasting
  2161 | D        | Noticed a cane toad
  2161 | D        | Noticed a cane toad
  2164 | D        | Killed a cane toad
  2168 | D        | Killed a cane toad
  2171 | D        | Reached skill level 14 in Stealth
  2179 | D        | Reached XP level 11. HP: 47/60 MP: 23/25
  2461 | D        | Noticed a lindwurm
  2463 | D        | Killed a lindwurm
  2464 | D        | Reached skill level 15 in Stealth
  2536 | D        | Noticed Urug
  2539 | D        | Mangled by Urug

Illustrated notes

Levels and vault maps discovered:
D:        dungeon_sprint_mu [sprint_mu_entry_forest, sprint_mu_temple_rooms,
          sprint_mu_d1_horrors, sprint_mu_d2_genie, sprint_mu_d3_branching,
          sprint_mu_orc_legion, sprint_mu_elf_gauntlet, sprint_mu_hive_nellie,
          sprint_mu_lair_fedhas, sprint_mu_vaults_butterflies,
          sprint_mu_slime_circle, sprint_mu_swamp_cave, sprint_mu_shoals_archi,
          sprint_mu_blade_basic, sprint_mu_crypt_lich, sprint_mu_tomb_spiral,
          sprint_mu_vestibule_basic, sprint_mu_gehenna_hellfire,
          sprint_mu_dis_giant, sprint_mu_tartarus_statrot,
          sprint_mu_cocytus_islands, sprint_mu_zot1]

Skill      XL: |  1  2  3  4  5  6  7  8  9 10 11 |
---------------+----------------------------------+-----
Stealth        | 1 2 3 5 6 8 11 12 14 15 | 15.3
Unarmed Combat | 5 7 8 9 10 11 12 13 | 13.8
Spellcasting   | 3 4 5 6 8 9 10 11 | 11.4
Transmutations | 3 4 5 6 8 9 11 | 11.4
Dodging        | 3 4 5 6 |  6.2
Invocations    | 2 5 7 9 11 | 11.8
Fighting       | 2 3 |  3.3

Action                   |  1- 3 |  4- 6 |  7- 9 | 10-12 || total
-------------------------+-------+-------+-------+-------++-------
Melee: Unarmed           |    16 |    16 |    21 |    43 ||    96
       Kick              |     4 |       |       |       ||     4
       Constrict         |     3 |       |     5 |    10 ||    18
       Punch             |       |       |     3 |     9 ||    12
       Tentacles         |       |       |     5 |    16 ||    21
 Cast: Beastly Appendage |     4 |     1 |       |       ||     5
       Ice Form          |       |     2 |     1 |       ||     3
       Blade Hands       |       |     1 |     7 |     9 ||    17
Invok: Slouch            |       |       |     1 |     1 ||     2
       Step From Time    |       |       |       |     1 ||     1
  Use: Potion            |     1 |     4 |       |     1 ||     6
 Stab: Sleeping          |     2 |     3 |     6 |     9 ||    20
Armor: Skin              |       |     1 |     2 |       ||     3
Dodge: Dodged            |     7 |     3 |    11 |    20 ||    41

Table legend: (Time is in decaauts)
 A = Elapsed time spent in this place.
 B = Non-inter-level travel time spent in this place.
 C = Inter-level travel time spent in this place.
 D = Time resting spent in this place.
 E = Time spent auto-exploring this place.
 F = Levels seen in this place.
 G = Mean time per level.
                   A        B        C        D        E       F      G
               +--------+--------+--------+--------+--------+-----+--------+
         Total |   2746 |   2746 |      0 |   1938 |      0 |   1 | 2746.0 |
       Dungeon |   2746 |   2746 |      0 |   1938 |      0 |   1 | 2746.0 |
               +--------+--------+--------+--------+--------+-----+--------+

Top non-repeatable levels by time:
       D: 2746 daAuts
